 Dungeon Crawl Stone Soup version 0.26.1-11-gd32895ea62 (webtiles) character file.

Game seed: 6169027403906488268

17384 jdigriz2 the Thaumaturge (level 12, -2/79 HPs)
             Began as a Gargoyle Earth Elementalist on Sept 24, 2021.
             Was an Initiate of Gozag.
             Slain by an efreet
             ... wielding a +1 scimitar of flaming
              (11 damage)
             ... on level 8 of the Dungeon.
             The game lasted 00:54:03 (9353 turns).

jdigriz2 the Thaumaturge (GrEE)                     Turns: 9353, Time: 00:54:04

Health: -2/79      AC: 12    Str: 14    XL:     12   Next: 47%
Magic:  1/26       EV: 12    Int: 19    God:    Gozag
Gold:   276        SH:  4    Dex: 10    Spells: 18/32 levels left

rFire    + . .     SeeInvis .   d - +5 falchion (elec)
rCold    + . .     Faith    .   (no shield)
rNeg     + . .     Spirit   .   i - +0 robe
rPois    ∞         Reflect  .   w - +2 hat
rElec    +         Harm     .   (no cloak)
rCorr    +         Rampage  .   (no gloves)
Will     .....                  (no boots)
Stlth    ++........             (no amulet)
HPRegen  0.23/turn              (no ring)
MPRegen  0.20/turn              (no ring)

@: resistant, gold aura
A: antennae 1, large bone plates 1, negative energy resistance 1, electricity
resistance, unbreathing, petrification resistance, miasma immunity, AC +8
a: Renounce Religion, Potion Petition, Call Merchant, Bribe Branch


You were on level 8 of the Dungeon.
You worshipped Gozag.
Gozag was aware of your devotion.
You visited 1 branch of the dungeon, and saw 8 of its levels.

You collected 1116 gold pieces.
You spent 788 gold pieces at shops.
You paid 52 gold pieces to Gozag.

Inventory:

Hand Weapons
 d - a +5 falchion of electrocution (weapon)
 h - a +2 short sword of speed
 k - a +4 mace
 l - a +4 great sword of freezing
 n - a +5 battleaxe of freezing
 r - a +0 short sword of venom
 u - a +0 hunting sling
 x - a +3 great sword
 z - a +1 whip of freezing
 H - a +1 mace of venom
 L - a +6 short sword
 O - a +1 shortbow of flaming
 P - a +0 scythe
 Q - a +0 great sword
 V - a +0 rapier
 X - a +1 dagger of flaming
Missiles
 b - 140 stones
 f - 130 arrows
 o - 12 bolts
 t - 46 sling bullets
 A - 2 poisoned darts (quivered)
 F - 13 boomerangs
 U - a throwing net
Armour
 i - a +0 robe (worn)
 q - a +0 leather armour
 w - a +2 hat (worn)
 B - a +0 leather armour
 D - a +0 chain mail
 K - a +0 ring mail
Jewellery
 j - an uncursed amulet of regeneration {unknown}
Wands
 s - a wand of digging (4)
 v - a wand of random effects (12)
 y - a wand of polymorph (3)
 C - a wand of disintegration (12)
 N - a wand of flame (20)
Scrolls
 e - 3 scrolls of remove curse
 m - 3 scrolls of magic mapping
 p - 6 scrolls of teleportation
 G - a scroll of immolation
 M - 2 scrolls of fear
 R - a scroll of amnesia
 S - a scroll of enchant armour
Potions
 g - 3 potions of brilliance
 I - 3 potions of resistance
 J - 4 potions of curing
 T - 2 potions of flight
 Y - a potion of lignification {unknown}
Miscellaneous
 W - a lightning rod (2/4)


   Skills:
 - Level 10.8 Fighting
 - Level 0.3(3.4) Short Blades
 + Level 5.6 Long Blades
 - Level 0.3(1.2) Axes
 - Level 2.1 Maces & Flails
 - Level 1.5 Dodging
 - Level 2.1 Stealth
 - Level 0.2 Shields
 - Level 10.9 Spellcasting
 - Level 7.1 Conjurations
 - Level 0.1 Necromancy
 - Level 0.7 Transmutations
 - Level 10.2 Earth Magic


You had 18 spell levels left.
You knew the following spells:

 Your Spells              Type           Power        Failure   Level
a - Sandblast             Erth           98%          1%          1
b - Stone Arrow           Conj/Erth      86%          1%          3
c - Pain                  Necr           40%          6%          1
d - Petrify               Tmut/Erth      31%          7%          4
e - Lee's Rapid Deconstr  Erth           24%          2%          5

Your spell library contained the following spells:

 Spells                   Type           Power        Failure   Level
 Passwall                 Tmut/Erth      25%          1%          2
 Animate Skeleton         Necr           20%          6%          1
 Vampiric Draining        Necr           5%           19%         3
 Animate Dead             Necr           5%           54%         4
 Agony                    Necr           10%          87%         5


Dungeon Overview and Level Annotations

Branches:
Dungeon (8/15)             Temple (0/1) D:4
   Lair: D:8-11

Altars:
Fedhas
Gozag
Trog
Xom

Shops:
D:4 ?   D:5 **:   D:6 }


Innate Abilities, Weirdness & Mutations

You are resistant to torment.
Your stone body is resilient. (AC +8)
You are immune to poison.
You resist negative energy. (rN+)
You are resistant to electric shocks. (rElec)
You can survive without breathing.
You are immune to petrification.
You are immune to miasma.
You have a pair of small antennae on your head.
You are partially covered in large bone plates. (SH +4)


Message History

b - 140 stones The deep elf mage hits you but does no damage.
You slash the deep elf mage!
Lightning courses through the deep elf mage!
You kill the deep elf mage!
You see here a +0 shortbow.
The efreet gestures at you.
The fireball explodes!
The fireball engulfs you!!
* * * LOW HITPOINT WARNING * * *
You feel protected. The efreet gestures at you.
The fireball explodes!
The fireball engulfs you! You resist.
* * * LOW HITPOINT WARNING * * *
You feel better.
Okay, then.
As you read the scroll of fear, it crumbles to dust.
You assume a fearsome visage.
The efreet is unaffected.
The efreet hits you with a +1 scimitar of flaming!
You die...
Your body crumbles into a pile of gold.

.. #.B...# .##.####.####
........)R..# ....#.##○##.#
### ........{##.# ..#
##...##.##.# #.#
.##......##.# #.#
$c..((##.##(#####.#######.#
...#($($$°○R@)......>.....
l. #....$########.######.#
#.#.(.# #.... #..$..#
#..### #.(#.## #... #(.$$.
#... .(..... #....
(([.#.... ...!. ... ...


You could see an efreet.

Vanquished Creatures
  Pikel (D:5)
  A deep elf mage (D:8)
  Prince Ribbit (D:5)
  Sigmund (D:4)
  A vampire (D:8)
  A basilisk (D:8)
  An acid dragon (D:8)
  Duvessa (D:5)
  3 orc warriors
  A sky beast (D:7)
  3 necrophages
  5 ogres
  5 centaurs
  A lemure (D:5)
  A big kobold (D:7)
  A bullfrog (D:7)
  Dowan (D:5)
  3 scorpions
  5 killer bees (D:7)
  10 wights
  4 howler monkeys
  A centaur zombie (D:5)
  3 orc priests
  A jelly (D:6)
  A centaur skeleton (D:7)
  2 hounds
  An iguana (D:6)
  2 orc wizards
  3 worker ants
  2 hound zombies
  A hound skeleton (D:8)
  2 worker ant zombies (D:7)
  6 gnolls
  14 adders
  A white imp (D:6)
  An ufetubus (D:7)
  2 oozes
  An adder zombie (D:5)
  A worm (D:2)
  2 dart slugs
  5 leopard geckos
  12 orcs
  16 bats
  7 giant cockroaches
  5 goblins
  4 hobgoblins
  6 jackals
  2 quokkas
  A ball python (D:2)
  A ball python skeleton (D:4)
  4 frilled lizards
  14 kobolds
  A leopard gecko zombie (D:7)
  12 rats
188 creatures vanquished.

Vanquished Creatures (others)
  A plant (D:1)
1 creature vanquished.

Grand Total: 189 creatures vanquished

Notes
Turn   | Place    | Note
-------+----------+-------------------------------------------
     0 | D:1      | jdigriz2 the Gargoyle Earth Elementalist began the quest
                  | for the Orb.
     0 | D:1      | Reached XP level 1. HP: 10/10 MP: 3/3
    94 | D:1      | Reached skill level 1 in Fighting
    94 | D:1      | Reached XP level 2. HP: 14/16 MP: 0/5
  1087 | D:2      | Reached XP level 3. HP: 20/21 MP: 6/6
  1117 | D:2      | Reached skill level 1 in Maces & Flails
  1276 | D:2      | Reached XP level 4. HP: 25/26 MP: 1/7
  1280 | D:2      | Learned a level 3 spell: Stone Arrow
  1439 | D:2      | Reached skill level 1 in Conjurations
  2144 | D:3      | Reached XP level 5. HP: 30/30 MP: 8/8
  2910 | D:3      | Found an opulent altar of Gozag.
  2925 | D:3      | Became a worshipper of Gozag Ym Sagoz the Greedy
  3280 | D:4      | Found a staircase to the Ecumenical Temple.
  3398 | D:4      | Noticed Sigmund
  3411 | D:4      | Reached XP level 6. HP: 30/35 MP: 5/9
  3412 | D:4      | Killed Sigmund
  3413 | D:4      | Reached skill level 5 in Conjurations
  3665 | D:4      | Found a blossoming altar of Fedhas.
  4073 | D:4      | Learned a level 1 spell: Pain
  4174 | D:4      | Found Buetel's Magic Scroll Boutique.
  4179 | D:4      | Bought a scroll of identify for 26 gold pieces
  4181 | D:4      | Gained mutation: You are partially covered in large bone
                  | plates. (SH +4) [potion of mutation]
  4181 | D:4      | Gained mutation: You have a pair of small antennae on your
                  | head. [potion of mutation]
  4245 | D:5      | Entered Level 5 of the Dungeon
  4263 | D:5      | Found Omaytt's Assorted Antiques.
  4263 | D:5      | Found Myllu's Book Emporium.
  4278 | D:5      | Noticed Pikel
  4331 | D:5      | Found a bloodstained altar of Trog.
  4407 | D:5      | Reached XP level 7. HP: 39/40 MP: 10/10
  4415 | D:5      | Killed Pikel
  4416 | D:5      | Reached XP level 8. HP: 28/44 MP: 2/11
  4448 | D:5      | Learned a level 4 spell: Petrify
  4470 | D:5      | Bought a scroll of identify for 56 gold pieces
  4471 | D:5      | Bought a scroll of identify for 56 gold pieces
  4563 | D:5      | Noticed Duvessa
  4564 | D:5      | Noticed Dowan
  4767 | D:5      | Noticed Prince Ribbit
  4823 | D:5      | Killed Prince Ribbit
  4972 | D:5      | Found Widecvag's Assorted Antiques.
  5492 | D:6      | Reached skill level 10 in Earth Magic
  6057 | D:6      | Found a shimmering altar of Xom.
  6150 | D:6      | Found Idyuj's Gadget Boutique.
  6158 | D:6      | Bought a lightning rod (4/4) for 390 gold pieces
  6227 | D:6      | Found a shimmering altar of Xom.
  7061 | D:7      | Reached XP level 9. HP: 42/48 MP: 12/12
  7738 | D:7      | Reached skill level 5 in Fighting
  7893 | D:7      | Learned a level 5 spell: Lee's Rapid Deconstruction
  8216 | D:7      | Reached skill level 5 in Spellcasting
  8887 | D:5      | Killed Duvessa
  8889 | D:5      | Killed Dowan
  8890 | D:5      | Reached XP level 10. HP: 45/59 MP: 0/19
  9039 | D:4      | Bought a scroll of brand weapon for 260 gold pieces
  9180 | D:8      | Reached skill level 1 in Long Blades
  9313 | D:8      | Noticed a boulder beetle
  9318 | D:8      | Reached skill level 5 in Long Blades
  9328 | D:8      | Noticed a deep elf mage
  9332 | D:8      | Reached skill level 10 in Spellcasting
  9332 | D:8      | Reached XP level 11. HP: 38/64 MP: 1/25
  9333 | D:8      | Reached skill level 10 in Fighting
  9333 | D:8      | Reached XP level 12. HP: 47/79 MP: 1/26
  9351 | D:8      | HP: 3/79 [efreet/fireball (9)]
  9353 | D:8      | Slain by an efreet

Illustrated notes

Levels and vault maps discovered:
D:1:      erik_arrival_orb_chamber, layout_basic, minmay_misc_feat_more_columns,
          serial_bayou_ford_a
D:2:      layout_rooms, amcnicky_mini_pool_small
D:3:      layout_loops_ring, lemuel_coloured_pillars_altar, dk_vineyard_3
D:4:      layout_loops_ring, minmay_temple_entry_mist, serial_shops,
          nicolae_shop_temple_entry_statues_fountains, fedhas_altar_4,
          uniq_sigmund
D:5:      layout_cave_pools, basic_altar, serial_shops, shop_fountains,
          nicolae_shop_stone, nicolae_shop_temple_entry_statues_fountains,
          grunt_decor_one_mirror, uniq_pikel, uniq_duvessa, uniq_prince_ribbit1
D:6:      layout_layer_cave, basic_altar, serial_shops, nicolae_shop_stone,
          xom_redecorated
D:7:      minmay_chambers_of_sixes, layout_rooms, serial_co_window_serial,
          co_window_paths_a, co_window_of_opportunity_a, co_window_paths_a,
          co_window_paths_b, co_window_paths_b, co_window_cross_1,
          co_window_corner_a, co_window_of_opportunity_a, co_window_cross_1,
          co_window_paths_c, co_window_corner_b, co_window_broadway_b,
          co_window_unsneaky_path_a, co_window_2corner, glass_columns_b
D:8:      minmay_cut_squares, layout_loops_cross, kennysheep_generic_room_11,
          uniq_gastronok

Skill      XL: |  1  2  3  4  5  6  7  8  9 10 11 |
---------------+----------------------------------+-----
Fighting       | 1 2 5 10 | 10.8
Maces & Flails | 2 |  2.1
Conjurations   | 2 4 6 7 |  7.1
Earth Magic    | 4 7 10 | 10.2
Spellcasting   | 6 10 | 10.9
Long Blades    | 5 |  5.6
Short Blades   | |  0.3
Axes           | |  0.3
Dodging        | |  1.5
Stealth        | |  2.1
Shields        | |  0.2
Necromancy     | |  0.1
Transmutations | |  0.7

Action                   |  1- 3 |  4- 6 |  7- 9 | 10-12 || total
-------------------------+-------+-------+-------+-------++-------
Melee: Unarmed           |     5 |       |       |       ||     5
       Dagger            |    13 |       |       |       ||    13
       Club              |    13 |    40 |       |       ||    53
       Spear             |     6 |       |       |       ||     6
       Short sword       |       |    11 |    18 |       ||    29
       Mace              |       |   115 |   102 |       ||   217
       Great sword       |       |       |    18 |       ||    18
       Falchion          |       |       |       |    45 ||    45
 Fire: Hunting sling     |       |    29 |       |       ||    29
       Shortbow          |       |       |    29 |    12 ||    41
Throw: Dart              |       |    16 |    45 |    18 ||    79
       Boomerang         |       |       |     1 |       ||     1
 Cast: Sandblast         |    25 |    35 |    36 |    10 ||   106
       Stone Arrow       |       |     4 |    45 |    10 ||    59
       Lee's Rapid Decon |       |       |       |     1 ||     1
Evoke: Wand              |       |       |     9 |     1 ||    10
       Lightning rod     |       |       |       |     2 ||     2
  Use: Potion            |       |     5 |     2 |     4 ||    11
       Scroll            |       |     8 |    10 |     2 ||    20
 Stab: Sleeping          |     1 |     5 |     2 |       ||     8
       Distracted        |       |       |       |     1 ||     1
Armor: Robe              |    14 |    92 |    80 |    15 ||   201
Dodge: Dodged            |    29 |   134 |    88 |    26 ||   277
Block: Other             |       |     5 |    23 |     8 ||    36
       Rpst.: Great sword |       |       |     8 |       ||     8
       Falchion          |       |       |       |    11 ||    11
